 Dungeon Crawl Stone Soup version 0.30-a0-165-g1891117ce2 (webtiles) character file.

Game seed: 14132862163143264071

680 Sobieck the Chopper (level 7, -8/62 HPs)
             Began as a Palentonga Gladiator on Sept 28, 2022.
             Mangled by an ogre
             ... wielding a +0 giant club
              (13 damage)
             ... on level 5 of the Dungeon.
             The game lasted 00:05:45 (4130 turns).

Sobieck the Chopper (Palentonga Gladiator)          Turns: 4130, Time: 00:05:45

Health: -8/62      AC: 23    Str: 22    XL:     7   Next: 34%
Magic:  7/7        EV:  6    Int:  8    God:
Gold:   164        SH:  0    Dex: 11    Spells: 6/6 levels left

rFire   . . .      SeeInvis +    a - +1 war axe (protect) {axe}
rCold   . . .      Faith    .    (no shield)
rNeg    . . .      Spirit   .    f - +0 chain mail
rPois   .          Reflect  .    c - +1 helmet
rElec   .          Harm     .    (no cloak)
rCorr   .          Rampage  .    (no gloves)
Will    .....                    (no barding)
Stlth   ..........               h - amulet of the acrobat
HPRegen 0.20/turn                (no ring)
MPRegen 0.10/turn                (no ring)

@: under a protective aura, curled up
A: large, rugged brown scales 3, see invisible, deformed body, roll 1, armoured
tail, reflexive curl
a: Rolling Charge


You were on level 5 of the Dungeon.
You visited 1 branch of the dungeon, and saw 5 of its levels.

You collected 164 gold pieces.


Innate Abilities, Weirdness & Mutations

You are completely covered in rugged brown scales. (AC +3, +7% HP)
You have supernaturally acute eyesight. (SInv)
Armour fits poorly on your strangely shaped body.
You can roll at nearby foes to attack.
You have a long armoured tail.
You curl defensively after being hit. (AC +7*)


   Skills:
 + Level 6.0 Fighting
 + Level 6.4 Axes
 - Level 1.3 Throwing
 - Level 2.4 Dodging


You had 6 spell levels left.
You didn't know any spells.
Your spell library contained the following spells:

 Spells                   Type           Power      Damage    Failure   Level
 Magic Dart               Conj           0%         1d3       99%         1
 Call Imp                 Summ           0%         N/A       100%        2
 Ignite Poison            Fire/Tmut/Pois 0%         N/A       100%        3
 Kindle Blastsparks       Fire/Tloc/Air  0%         2d10      100%        3
 Mephitic Cloud           Conj/Pois/Air  0%         N/A       100%        3
 Freezing Cloud           Conj/Ice/Air   0%         6-21      100%        5
 Simulacrum               Ice/Necr       0%         N/A       100%        6
 Polar Vortex             Ice            0%         N/A       100%        9

Inventory:

Hand Weapons
 a - a +1 war axe of protection (weapon) {axe}
 b - a +0 longbow {bow}
   (You found it on level 1 of the Dungeon)
Missiles
 d - 3 throwing nets {=f!fthrowing}
 e - 11 javelins {throwing}
 g - 2 poisoned darts {throwing}
 k - 10 boomerangs {throwing}
 C - 20 stones {throwing}
Armour
 c - a +1 helmet (worn)
 f - a +0 chain mail (worn)
   (You found it on level 1 of the Dungeon)
 i - a +0 leather armour
   (You found it on level 1 of the Dungeon)
 n - a +0 leather armour
 o - a +0 leather armour
   (You found it on level 1 of the Dungeon)
 q - a +0 leather armour
   (You took it off an orc on level 4 of the Dungeon)
 r - a +0 leather armour
   (You took it off an orc on level 4 of the Dungeon)
 t - a +0 plate armour
   (You found it on level 1 of the Dungeon)
 B - a +0 robe
   (You took it off an orc wizard on level 4 of the Dungeon)
 D - a +0 ring mail
   (You found it on level 3 of the Dungeon)
 F - a +0 scale mail
   (You took it off an orc on level 4 of the Dungeon)
 G - a +0 chain mail
   (You took it off Terence on level 3 of the Dungeon)
 H - a +0 chain mail
   (You took it off an orc priest on level 3 of the Dungeon)
 I - a +0 robe
   (You took it off an orc wizard on level 3 of the Dungeon)
 L - a +0 robe
   (You found it on level 4 of the Dungeon)
 O - a +0 robe
   (You took it off an orc wizard on level 4 of the Dungeon)
 P - a +0 robe
   (You took it off an orc wizard on level 4 of the Dungeon)
 Q - a +0 robe
   (You took it off an orc wizard on level 4 of the Dungeon)
 R - a +0 robe
   (You took it off Blork the orc on level 4 of the Dungeon)
 S - a +0 robe
   (You took it off an orc wizard on level 4 of the Dungeon)
 T - a +0 robe
   (You took it off an orc wizard on level 4 of the Dungeon)
 U - a +0 robe
   (You took it off an orc wizard on level 4 of the Dungeon)
Jewellery
 h - an amulet of the acrobat (around neck)
   (You found it on level 4 of the Dungeon)
 A - a ring of see invisible
   (You found it on level 2 of the Dungeon)
 J - a ring of fire
   (You found it on level 3 of the Dungeon)
Wands
 K - a wand of mindburst (23)
   (You found it on level 4 of the Dungeon)
Scrolls
 v - a scroll of brand weapon
 w - a scroll of fear
 y - 2 scrolls of teleportation {@r4}
Potions
 j - a potion of invisibility {unknown}
 l - a potion of degeneration {unknown}
 m - 4 potions of heal wounds {@q2}
 p - 2 potions of brilliance
 s - a potion of flight {unknown}
 u - 2 potions of curing {unknown}
 x - 2 potions of haste {unknown}
 z - a potion of magic {unknown}
 E - 2 potions of resistance {unknown}
 M - a potion of attraction {unknown}
 N - a potion of berserk rage {unknown}

Dungeon Overview and Level Annotations

Branches:
Dungeon (5/15) Zot: 25719
 Temple: D:4-7

Altars:
Cheibriados
Kikubaaqudgha
Okawaru
Qazlal
Sif Muna
Vehumet
Yredelemnul

Shops:
D:1

(:[ ##
######.##
#...?...#
.####<......#
.........@....#
##########O...#
...$... .......
....... .......
....... .##....


You could see an ogre.


Message History

An orc comes into view. It is wielding a +0 club.
Unknown command.
You slash the orc wizard! You miss the orc wizard.
The orc wizard gestures wildly while chanting.
The orc wizard flickers and vanishes for a moment.
The orc wizard hits you but does no damage.
The orc wizard closely misses you.
Unknown command.
You bump into the rock wall.
The orc wizard hits you but does no damage.
The orc wizard barely misses you.
Unknown command.
You slash the orc wizard! You tail-slap the orc wizard.
You kill the orc wizard!
You hit the orc wizard. x2
The orc wizard points at you and mumbles some strange words.
You resist with some effort.
The orc wizard hits you but does no damage.
Unknown command.
Unknown command.
You're too confused to move!
The orc wizard hits you but does no damage.
You feel less confused. The orc closely misses you.
The orc wizard barely misses you.
The orc wizard points at you and mumbles some strange words.
You resist with some effort.
Things that are here:
a +0 hand axe {axe}; 2 boomerangs {throwing}; an orc corpse Unknown command.
Unknown command.
You barely miss the orc. You hit the orc wizard. You slash the orc wizard!
You kill the orc wizard!
The orc hits you but does no damage.
The orc wizard hits you but does no damage.
Unknown command.
You barely miss the orc. You tail-slap the orc!
You kill the orc!
You slash the orc wizard!
You kill the orc wizard!
Your Fighting skill increases to level 6!
Unknown command.
Unknown command.
Unknown command.
k - 10 boomerangs {throwing} (gained 2)
Things that are here:
a +0 hand axe {axe}; an orc corpse
S - a +0 robe You see here a +0 dagger {short}.
T - a +0 robe;
U - a +0 robe
Things that are here:
a +0 dagger {short}; a +0 dagger {short}; an orc corpse
Things that are here:
a +0 hand axe {axe}; an orc corpse You see here a +0 club {mace}.
You see here a +0 dagger {short}.
Things that are here:
a +0 dagger {short}; a +0 dagger {short}; an orc corpse An adder comes into view.
The adder hisses angrily.
Danger!
You roll forward with a clatter of scales!
You slash the adder!
Your weapon exudes an aura of protection.
You kill the adder!
No target in view!
You see here an adder corpse.
Done exploring.
Done exploring.
(D) Dungeon
Where to? (Enter - D:4, ? - help)
There is a stone staircase leading down here.
You climb downwards.
There is a stone staircase leading up here.
Unknown command.
Unknown command.
An ogre comes into view. It is wielding a +0 giant club.
The ogre shouts!
Danger!
You roll forward with a clatter of scales!
You slash the ogre!
Your weapon exudes an aura of protection.
The ogre hits you but does no damage.
Unknown command.
Unknown command.
You closely miss the ogre.
Your tail-slap misses the ogre.
You completely miss the ogre.
The ogre hits you with a +0 giant club!!
You are too injured to fight recklessly!
You are too injured to fight recklessly!
Unknown command.
You slash the ogre!
Your weapon exudes an aura of protection.
The ogre hits you with a +0 giant club!
* * * LOW HITPOINT WARNING * * *
You hit the ogre. The ogre hits you with a +0 giant club!
* * * LOW HITPOINT WARNING * * *
Unknown command.
You hit the ogre. You tail-slap the ogre.
The ogre hits you with a +0 giant club!
You die...

Skill      XL: |  1  2  3  4  5  6  7 |
---------------+----------------------+-----
Fighting       | 3 4 5 6 |  6.0
Axes           | 4 5 6 |  6.4
Throwing       | |  1.3
Dodging        | |  2.4

Action                   |  1- 3 |  4- 6 |  7- 9 || total
-------------------------+-------+-------+-------++-------
Melee: War axe           |    89 |   137 |    24 ||   250
       Tailslap          |    10 |    14 |     4 ||    28
       Punch             |     2 |     3 |       ||     5
       Longbow           |     1 |       |       ||     1
 Fire: Longbow           |     1 |       |       ||     1
 Abil: Rolling Charge    |    27 |    17 |     3 ||    47
  Use: Scroll            |       |     9 |       ||     9
Armor: Leather armour    |    11 |       |       ||    11
       Chain mail        |    32 |    84 |    12 ||   128
Dodge: Dodged            |    27 |    36 |     9 ||    72

Levels and vault maps discovered:
D:1:      lightli_arrival_lavapool, layout_rooms,
          shapermc_ecumenical_altar_hornbeckon, serial_shops, shop, shop,
          nicolae_shop_trees
D:2:      layout_loops_ring
D:3:      layout_basic, mainiacjoe_overflow_paths, mainiacjoe_overflow_alcove_1,
          serial_rivers, chequers_serial_rivers_micro_a,
          chequers_serial_rivers_micro_e, chequers_serial_rivers_large_b,
          chequers_serial_rivers_small_3, uniq_terence
D:4:      layout_basic, palyth_temple_overflow_mages,
          nicolae_qazlal_scattered_showers, slow_altar_1,
          gup_sewer_entry_spiral, kennysheep_generic_room_3, uniq_blork_the_orc
D:5:      layout_rooms, serial_corexii_hall, chequers_hall_statues_wall_a,
          corexii_hall_statues_x, corexii_hall_statues_i,
          chequers_hall_statues_wall_a, uniq_crazy_yiuf_cottage

Notes
Turn   | Place    | Note
-------+----------+-------------------------------------------
     0 | D:1      | Sobieck the Palentonga Gladiator began the quest for the
                  | Orb.
     0 | D:1      | Reached XP level 1. HP: 17/17 MP: 1/1
    96 | D:1      | HP: 2/18 [gnoll/+0 spear (4)]
    98 | D:1      | Reached XP level 2. HP: 3/24 MP: 2/2
   510 | D:1      | Found Vaoh's Weapon Boutique.
   638 | D:1      | You pick up a book of Minor Magic and begin reading...
   638 | D:1      | You add the spells Magic Dart, Call Imp and Mephitic Cloud
                  | to your library.
   653 | D:1      | Found Ceobuil's Book Shop.
   662 | D:1      | Reached XP level 3. HP: 28/29 MP: 3/3
   898 | D:1      | Reached skill level 3 in Fighting
   939 | D:1      | Found Uniudd's Armour Emporium.
  1070 | D:1      | Found a faded altar of an unknown god.
  1298 | D:2      | Reached skill level 4 in Axes
  1467 | D:2      | Reached XP level 4. HP: 37/37 MP: 4/4
  1904 | D:3      | Found a basalt altar of Yredelemnul.
  1907 | D:3      | You add the spells Kindle Blastsparks, Ignite Poison and
                  | Freezing Cloud to your library.
  2137 | D:3      | Noticed Terence
  2139 | D:3      | Killed Terence
  2180 | D:3      | Found an iron altar of Okawaru.
  2275 | D:3      | Reached skill level 4 in Fighting
  2275 | D:3      | Reached XP level 5. HP: 25/44 MP: 5/5
  2277 | D:3      | HP: 8/44 [orc priest/divine providence (17)]
  2281 | D:3      | HP: 3/44 [orc priest/+0 mace (2)]
  3145 | D:4      | Reached skill level 5 in Axes
  3263 | D:4      | Reached XP level 6. HP: 34/52 MP: 6/6
  3414 | D:4      | Found a stormy altar of Qazlal.
  3437 | D:4      | You pick up a book of Ice and begin reading...
  3437 | D:4      | You add the spells Simulacrum and Polar Vortex to your
                  | library.
  3450 | D:4      | Found a snail-covered altar of Cheibriados.
  3528 | D:4      | Reached skill level 5 in Fighting
  3567 | D:4      | Found an ancient bone altar of Kikubaaqudgha.
  3585 | D:4      | Found a shimmering blue altar of Sif Muna.
  3612 | D:4      | Found a radiant altar of Vehumet.
  3749 | D:4      | Reached skill level 6 in Axes
  3763 | D:4      | Gained mutation: You curl defensively after being hit. (AC
                  | +7*) [Palentonga growth]
  3763 | D:4      | Reached XP level 7. HP: 59/59 MP: 7/7
  3863 | D:4      | Noticed Blork the orc
  3867 | D:4      | Killed Blork the orc
  4059 | D:4      | Reached skill level 6 in Fighting
  4123 | D:5      | Entered Level 5 of the Dungeon
  4129 | D:5      | HP: 5/62 [ogre/+0 giant club (13)]
  4130 | D:5      | Mangled by an ogre

Vanquished Creatures
  2 phantoms (D:4)
  Blork the orc (D:4)
  A bullfrog (D:4)
  An orc priest (D:3)
  Terence (D:3)
  8 orc wizards
  A gnoll (D:1)
  4 adders
  2 worms (D:4)
  A dart slug (D:2)
  9 orcs
  7 ball pythons
  6 bats
  9 endoplasms
  4 giant cockroaches
  7 goblins
  8 hobgoblins
  3 jackals (D:3)
  7 kobolds
  4 quokkas
  2 frilled lizards
  5 rats
93 creatures vanquished.

Table legend:
 A = Non-vault XP
 B = Vault XP
 C = Vault XP percentage of total XP
 D = Non-vault monster count
 E = Vault monster count
 F = Vault count percentage of total count
                 A         B        C        D         E       F
            +---------+---------+-------+---------+---------+-------
      Total |     702 |     270 |  27.8 |      80 |      13 |  14.0
            +---------+---------+-------+---------+---------+-------
        D:1 |      55 |       0 |   0.0 |      22 |       0 |   0.0
        D:2 |      50 |       0 |   0.0 |      22 |       0 |   0.0
        D:3 |     115 |      36 |  23.8 |      14 |       1 |   6.7
        D:4 |     482 |     234 |  32.7 |      22 |      12 |  35.3
            +---------+---------+-------+---------+---------+-------

Illustrated notes

Table legend:
 A = Kills in this place as a percentage of kills in entire the game.
 B = Kills by you in this place as a percentage of kills by you in the entire game.
 C = Kills by friends in this place as a percentage of kills by friends in the entire game.
 D = Other kills in this place as a percentage of other kills in the entire game.
 E = Experience gained in this place as a percentage of experience gained in the entire game.
 F = Experience gained in this place divided by the number of levels of this place that you have seen.
                   A       B       C       D       E      F
               +-------+-------+-------+-------+-------+----------------------
         Total | 100.0 | 100.0 |   N/A |   N/A | 100.0 | 194.4
       Dungeon | 100.0 | 100.0 |   N/A |   N/A | 100.0 | 194.4
               +-------+-------+-------+-------+-------+----------------------

Table legend: (Time is in decaauts)
 A = Elapsed time spent in this place.
 B = Non-inter-level travel time spent in this place.
 C = Inter-level travel time spent in this place.
 D = Time resting spent in this place.
 E = Time spent auto-exploring this place.
 F = Levels seen in this place.
 G = Mean time per level.
                   A        B        C        D        E       F      G
               +--------+--------+--------+--------+--------+-----+--------+
         Total |   4279 |   4182 |     97 |    684 |   2955 |   5 |  855.8 |
       Dungeon |   4279 |   4182 |     97 |    684 |   2955 |   5 |  855.8 |
               +--------+--------+--------+--------+--------+-----+--------+

Top non-repeatable levels by time:
     D:3: 1351 daAuts
     D:1: 1217 daAuts
     D:4: 1108 daAuts
     D:2: 594 daAuts
     D:5: 7 daAuts
